 Dungeon Crawl Stone Soup version 0.24.0-123-gd5b16e6ec5 (webtiles) character file.

Game seed: 2434433396417797765, levelgen mode: deterministic

1 vurker the Chiller (level 1, -2/7 HPs)
             Began as a Felid Ice Elementalist on Jan 28, 2020.
             Slain by a gnoll
             ... wielding a +0 spear
              (7 damage)
             ... on level 1 of the Dungeon.
             The game lasted 00:00:20 (237 turns).

vurker the Chiller (Felid Ice Elementalist)          Turns: 237, Time: 00:00:21

Health: -2/7       AC:  1    Str:  4    XL:     1   Next: 16%
Magic:  0/4        EV: 18    Int: 16    God:
Gold:   4          SH:  0    Dex: 16    Spells: 3/4 levels left
                                        Lives:  0   Deaths: 0

rFire    . . .     SeeInvis +   (weapon unavailable)
rCold    . . .     Gourm    .   (shield unavailable)
rNeg     . . .     Faith    .   (armour unavailable)
rPois    .         Spirit   .   (helmet unavailable)
rElec    .         Reflect  .   (cloak unavailable)
rCorr    .         Harm     .   (gloves unavailable)
MR       .....                  (boots unavailable)
Stlth    +++.......             (no amulet)
HPRegen  0.02/turn              (no ring)
MPRegen  0.09/turn              (no ring)

@: quick
A: very small, no armour, no weapons or thrown items, stealth, claws 1, fangs 3,
see invisible, carnivore, speed 1, shaggy fur 1, slow metabolism 1, sharp paws
a: no special abilities


You were on level 1 of the Dungeon.
You were not hungry.

You visited 1 branch of the dungeon, and saw 1 of its levels.

You collected 4 gold pieces.

Inventory:

Scrolls
 a - a scroll of immolation {unknown}
Potions
 b - a potion of curing {unknown}
Comestibles
 e - a ration


   Skills:
 + Level 0.0 Fighting
 - Level 2.6 Dodging
 - Level 2.6 Stealth
 * Level 2.0 Spellcasting
   Level 0.8 Conjurations
 * Level 2.7 Ice Magic


You had 3 spell levels left.
You knew the following spells:

 Your Spells              Type           Power        Failure   Level  Hunger
a - Freeze                Ice            ##..         7%          1    #......

Your spell library contained the following spells:

 Spells                   Type           Power        Failure   Level  Hunger
 Throw Frost              Conj/Ice       #.....       16%         2    ###....
 Ozocubu's Armour         Chrm/Ice       #.......     34%         3    ###....
 Throw Icicle             Conj/Ice       #.......     69%         4    #####..
 Summon Ice Beast         Ice/Summ       #.......     75%         4    #####..


Dungeon Overview and Level Annotations

Branches:
Dungeon (1/15)

Altars:


Innate Abilities, Weirdness & Mutations

You cannot wear armour.
You are incapable of wielding weapons or throwing items.
Your paws allow you to move quietly. (Stealth)
You have sharp claws.
You have razor-sharp teeth.
You have supernaturally acute eyesight. (SInv)
You are carnivorous and can eat meat at any time.
You cover ground quickly.
You are covered in fur. (AC +1)
You have a slow metabolism.
Your sharp claws are effective at attacking unaware monsters.


Message History

Created macro '3' => 'zcf'.
You enter the shallow water.
Moving in this stuff is going to be slow.
You now have 4 gold pieces.
A hobgoblin comes into view. It is wielding a +0 club.
Found a scroll labeled HAEJONN TIODDA.
A hobgoblin is nearby!
No target in view!
The hobgoblin is too close now for your liking.
You can't see any susceptible monsters within range! (Use Z to cast anyway.)
You can't see any susceptible monsters within range! (Use Z to cast anyway.)
Aim: a hobgoblin, wielding a +0 club (resting)
You freeze the hobgoblin.
The hobgoblin shouts!
The hobgoblin hits you with a +0 club.
Ouch! That really hurt!
* * * LOW HITPOINT WARNING * * *
Aim: a hobgoblin, wielding a +0 club (almost dead)
You freeze the hobgoblin.
You kill the hobgoblin!
Unknown command.
Things that are here:
a +0 club; a hobgoblin corpse You butcher the hobgoblin corpse.
a - a chunk of flesh
Things that are here:
a +0 club; a hobgoblin skeleton
Things that are here:
a +0 club; a hobgoblin skeleton Eating a chunk of flesh.
You eat the chunk of flesh.
This raw flesh tastes great.
a - a scroll labeled HAEJONN TIODDA
Found an inky potion.
b - an inky potion A gnoll comes into view.
It is wielding a +0 spear.
The gnoll shouts!
The gnoll misses you.
Aim: a gnoll, wielding a +0 spear You freeze the gnoll.
The gnoll completely misses you.
Aim: a gnoll, wielding a +0 spear (lightly wounded)
You freeze the gnoll. The gnoll closely misses you.
Aim: a gnoll, wielding a +0 spear (lightly wounded)
You freeze the gnoll. The gnoll completely misses you.
Aim: a gnoll, wielding a +0 spear (moderately wounded)
You freeze the gnoll. The gnoll hits you with a +0 spear.
You don't have enough magic to cast that spell.
You scratch the gnoll but do no damage. The gnoll closely misses you.
You scratch the gnoll. The gnoll hits you with a +0 spear!
Ouch! That really hurt!
You die...

### #
####.########## ##
#...........@.# .##
#.##.###.##.#g#
..###.##.# #....#.#
......##.###.####.#
..######.....# .#
.## ###.#......# ##
#.######## #
########.# #
#.....##.#


You could see a gnoll.

Vanquished Creatures
  A hobgoblin (D:1)
1 creature vanquished.

Notes
Turn   | Place    | Note
-------+----------+-------------------------------------------
     0 | D:1      | vurker the Felid Ice Elementalist began the quest for the
                  | Orb.
     0 | D:1      | Reached XP level 1. HP: 7/7 MP: 4/4
   237 | D:1      | Slain by a gnoll

Levels and vault maps discovered:
D:1:      ebering_hopf_link, layout_loops_cross, ebering_dispersal_statue_hall

Action                   || total
-------------------------++-------
Melee: Unarmed           ||     2
 Cast: Freeze            ||     6
  Eat: Chunk             ||     1
Dodge: Dodged            ||     5
